 Dungeon Crawl Stone Soup version 0.26-a0-835-g8259106e14 (webtiles) character file.

Game seed: 11872300872520824849

87 marklar909 the Vandal (level 4, -18/30 HPs)
             Began as a Halfling Hunter on Nov 18, 2020.
             Demolished by an orc wizard
             ... wielding a +1 dagger of electrocution
              (20 damage)
             ... on level 3 of the Dungeon.
             The game lasted 00:02:20 (2306 turns).

marklar909 the Vandal (Halfling Hunter)             Turns: 2306, Time: 00:02:22

Health: -18/30     AC:  4    Str: 14    XL:     4   Next: 80%
Magic:  0/4        EV: 14    Int:  9    God:
Gold:   147        SH:  0    Dex: 14    Spells: 3/3 levels left

rFire    . . .     SeeInvis .   a - +2 hunting sling
rCold    . . .     Faith    .   (shield restricted)
rNeg     . . .     Spirit   +   c - +0 leather armour
rPois    .         Reflect  .   (no helmet)
rElec    .         Harm     .   k - +0 cloak
rCorr    .         Rampage  .   (no gloves)
MR       .....                  (no boots)
Stlth    +.........             e - amulet of guardian spirit
HPRegen  0.10/turn              (no ring)
MPRegen  0.09/turn              (no ring)

@: confused
A: small, mutation resistance 1, wild magic 2
a: no special abilities


You were on level 3 of the Dungeon.
You visited 1 branch of the dungeon, and saw 3 of its levels.

You collected 147 gold pieces.

Inventory:

Hand Weapons
 a - a +2 hunting sling (weapon)
 b - a +0 short sword
Missiles
 d - 31 sling bullets
 f - 78 stones (quivered)
Armour
 c - a +0 leather armour (worn)
 k - a +0 cloak (worn)
Jewellery
 e - an amulet of guardian spirit (around neck)
 r - an uncursed ring of wizardry {unknown}
Wands
 m - a wand of disintegration (13)
Scrolls
 g - 2 scrolls of teleportation {unknown}
 h - 3 scrolls of identify
 i - a scroll of enchant armour {unknown}
 n - a scroll of blinking {unknown}
 o - 2 scrolls of remove curse {unknown}
Potions
 j - a potion of mutation
 l - a potion of brilliance {unknown}
 p - a potion of might {unknown}
 q - a potion of curing {unknown}
 s - a potion of ambrosia {unknown}
 t - a potion of attraction {unknown}
 u - a potion of degeneration {unknown}


   Skills:
 * Level 2.3 Fighting
 + Level 7.9 Slings
 + Level 0.3 Armour
 + Level 2.2 Dodging
 + Level 1.1 Stealth


You had 3 spell levels left.
You didn't know any spells.
Your spell library was empty.

Dungeon Overview and Level Annotations

Branches:
Dungeon (3/15)

Altars:
Elyvilon
Uskayaw
Vehumet
Wu Jian


Innate Abilities, Weirdness & Mutations

You are small and have problems with some larger weapons.
You are somewhat resistant to further mutation.
Your spells are harder to cast, but more powerful.


Message History

Firing (i - inventory. (/) - cycle)
f - 80 stones (quivered)
Press: ? - help, Shift-Dir - straight line, f/p - orc wizard
Aim: an orc wizard, wielding a +0 dagger and wearing a +0 robe (almost dead)
You shoot a stone. Something hits you but does no damage.
You are electrocuted!
Ouch! That really hurt!
* * * LOW HITPOINT WARNING * * *
The orc wizard barely misses you.
Firing (i - inventory. (/) - cycle)
f - 79 stones (quivered)
Press: ? - help, Shift-Dir - straight line, f/p - orc wizard
Aim: an orc wizard, wielding a +0 dagger and wearing a +0 robe (almost dead)
You shoot a stone. Something hits you.
* * * LOW HITPOINT WARNING * * *
Unknown command.
It was a potion of mutation.
You feel extremely strange.
You feel less in control of your magic. x2
The orc wizard barely misses you. Something hits you.
* * * LOW HITPOINT WARNING * * *
You are electrocuted!!
Ouch! That really hurt!
You die...

#.##.#
#.##..
#.#####
#.# #.#
#.# #.#
#####.#
#.@.(.#
#o#####
#( #(
#######
#.
[......
#(
#######
#. #.


You could see an orc wizard.

Vanquished Creatures
  An ooze (D:1)
  A worm (D:2)
  4 dart slugs
  4 leopard geckos
  5 orcs
  4 giant cockroaches
  9 goblins
  2 hobgoblins (D:2)
  A jackal (D:2)
  7 kobolds
  A quokka (D:2)
  8 bats
  6 frilled lizards
  5 rats
58 creatures vanquished.

Notes
Turn   | Place    | Note
-------+----------+-------------------------------------------
     0 | D:1      | marklar909 the Halfling Hunter began the quest for the Orb.
     0 | D:1      | Reached XP level 1. HP: 14/14 MP: 1/1
   158 | D:1      | Reached skill level 6 in Slings
   164 | D:1      | Reached XP level 2. HP: 19/19 MP: 2/2
   377 | D:1      | Reached XP level 3. HP: 23/24 MP: 3/3
   461 | D:1      | Reached skill level 7 in Slings
  1270 | D:2      | Found a white marble altar of Elyvilon.
  1277 | D:2      | Reached XP level 4. HP: 29/29 MP: 4/4
  1476 | D:2      | Found a hide-covered altar of Uskayaw.
  2023 | D:3      | Found a radiant altar of Vehumet.
  2024 | D:3      | Found an ornate altar of the Wu Jian Council.
  2306 | D:3      | Gained mutation: Your spells are a little harder to cast,
                  | but a little more powerful. [potion of mutation]
  2306 | D:3      | Gained mutation: Your spells are harder to cast, but more
                  | powerful. [potion of mutation]
  2306 | D:3      | Demolished by an orc wizard

Illustrated notes

Levels and vault maps discovered:
D:1:      nicolae_arrival_washed_ashore, layout_loops_corners
D:2:      layout_basic, elyvilon_altar_5, eat_drink_and_be_merry_uskayaw,
          hangedman_decor_points, minmay_misc_feat_x, minmay_heptomino_h4
D:3:      layout_loops_ring, gammafunk_temple_overflow_pools, serial_rivers,
          chequers_serial_rivers_room_a, chequers_serial_rivers_room_a,
          chequers_serial_rivers_micro_c, chequers_serial_rivers_room_a

Skill      XL: |  1  2  3 |
---------------+----------+-----
Slings         | 6 7 |  7.9
Fighting       | 2 |  2.3
Armour         | |  0.3
Dodging        | |  2.2
Stealth        | |  1.1

Action                   |  1- 3 |  4- 6 || total
-------------------------+-------+-------++-------
 Fire: Hunting sling     |    86 |    67 ||   153
  Use: Scroll            |     2 |       ||     2
       Potion            |       |     1 ||     1
Armor: Leather armour    |     5 |     8 ||    13
Dodge: Dodged            |    12 |    29 ||    41

Table legend: (Time is in decaauts)
 A = Elapsed time spent in this place.
 B = Non-inter-level travel time spent in this place.
 C = Inter-level travel time spent in this place.
 D = Time resting spent in this place.
 E = Time spent auto-exploring this place.
 F = Levels seen in this place.
 G = Mean time per level.
                   A        B        C        D        E       F      G
               +--------+--------+--------+--------+--------+-----+--------+
         Total |   2282 |   2217 |     65 |    183 |   1758 |   3 |  760.7 |
       Dungeon |   2282 |   2217 |     65 |    183 |   1758 |   3 |  760.7 |
               +--------+--------+--------+--------+--------+-----+--------+

Top non-repeatable levels by time:
     D:1: 982 daAuts
     D:2: 816 daAuts
     D:3: 483 daAuts
